 Dungeon Crawl Stone Soup version 0.29.1-15-g9cfb28693d (webtiles) character file.

Game seed: 18027484732897648744

435 Barneous the Covered (level 6, -3/46 HPs)
             Began as a Demonspawn Wanderer on Mar 6, 2023.
             Succumbed to a kobold brigand's poison
             ... on level 5 of the Dungeon.
             The game lasted 00:12:32 (4096 turns).

Barneous the Covered (Demonspawn Wanderer)          Turns: 4096, Time: 00:12:33

Health: -3/46      AC: 10    Str: 17    XL:     6   Next: 68%
Magic:  9/9        EV: 11    Int: 14    God:
Gold:   262        SH:  6    Dex:  9    Spells: 9/10 levels left

rFire   . . .      SeeInvis .   f - +0 glaive
rCold   . . .      Faith    .   (shield currently unavailable)
rNeg    . . .      Spirit   .   j - +0 chain mail
rPois   .          Reflect  .   (no helmet)
rElec   .          Harm     .   (no cloak)
rCorr   .          Rampage  .   g - +0 pair of gloves
Will    .....                   (no boots)
Stlth   ..........              (no amulet)
HPRegen 0.15/turn               h - +4 ring of evasion
MPRegen 0.11/turn               (no ring)

@: lethally poisoned (-3 -> -18), about to teleport
A: large bone plates 2, demonic touch 2
a: no special abilities


You were on level 5 of the Dungeon.
You visited 1 branch of the dungeon, and saw 5 of its levels.

You collected 262 gold pieces.

Inventory:

Hand Weapons
 a - a +2 hand axe of flaming
 f - a +0 glaive (weapon)
 i - a +2 vorpal sling
 n - the +0 flail of Edetsosk {protect, *Rage Str+5 Dex+8}
   (You found it on level 4 of the Dungeon)

   It grants its wielder temporary protection when it strikes (+7 to AC).
   Str:       It affects your strength (+5).
   Dex:       It affects your dexterity (+8).
   *Rage:     It berserks you when you make melee attacks (+20% chance).
Armour
 g - a +0 pair of gloves (worn)
 j - a +0 chain mail (worn)
Jewellery
 b - a ring of ice
 h - a +4 ring of evasion (left hand)
Scrolls
 c - a scroll of summoning
Potions
 e - a potion of brilliance


   Skills:
 + Level 2.6 Fighting
 + Level 2.8 Axes
 + Level 4.3 Armour
 + Level 2.6 Spellcasting
 + Level 3.0 Necromancy
 * Level 3.6 Evocations


You had 9 spell levels left.
You knew the following spells:

 Your Spells              Type           Power      Damage    Failure   Level
a - Necrotise             Necr           40%        1d6       67%         1

Your spell library contained the following spells:

 Spells                   Type           Power      Damage    Failure   Level
 Vampiric Draining        Necr           10%        2d6       95%         3
 Ozocubu's Armour         Ice            1%         N/A       100%        3
 Metabolic Englaciation   Hex/Ice        0%         N/A       100%        5
 Simulacrum               Ice/Necr       3%         N/A       100%        6


Dungeon Overview and Level Annotations

Branches:
Dungeon (5/15)
 Temple: D:4-7

Altars:
Gozag
Uskayaw
Vehumet

Annotations:
D:3 2 transporters, kingofthe's ghost, amateur OpCj


Innate Abilities, Weirdness & Mutations

You are mostly covered in large bone plates. (SH +6)
Your touch may inflict irresistible damage on your foes.


Message History

You feel extremely sick.
The orc wizard points at you and mumbles some strange words.
You resist with some effort.
An orc comes into view. It is wielding a +0 hand axe.
You hear a shout!
You feel much better.
You feel very sick. The kobold brigand closely misses you.
An orc priest comes into view. It is wielding a +0 hand axe.
You hit the kobold brigand.
The kobold brigand is heavily wounded.
You feel very sick.
The kobold brigand hits you but does no damage.
You are more poisoned.
You barely miss the kobold brigand.
The kobold brigand is heavily wounded.
You feel extremely sick. The kobold closely misses you.
The kobold brigand hits you but does no damage.
The orc wizard hits you but does no damage.
You block the kobold's attack.
The kobold brigand hits you with a +1 dagger of venom.
* * * LOW HITPOINT WARNING * * *
You are more poisoned.
You closely miss the kobold brigand.
The kobold brigand is heavily wounded.
* * * LOW HITPOINT WARNING * * *
You feel extremely sick. The kobold brigand closely misses you.
The orc wizard barely misses you.
An iguana comes into view.
The kobold barely misses you.
An orc priest comes into view. It is wielding a +0 short sword.
Blink to where?
Press: ? - help, Dir - move target
As you read the scroll of blinking, it crumbles to dust.
* * * LOW HITPOINT WARNING * * *
You feel very sick.
As you read the scroll of teleportation, it crumbles to dust.
You feel strangely unstable.
You die...

##.... #.### l..o.
##....# .....
##..###)...###.
.....
#...oK)........
....#
#....##K.....#.
....###..K..........
#...##.............
#...###.......#...
#.....@.......# ..
##.............. .
#<..).......##..
...............##.#
.. ...#..#.......##
.# ####.#....... .
#...........
........#.....
......#.......


You could see a kobold brigand, an orc and 2 kobolds.

Vanquished Creatures
  2 black bears (D:4)
  An ogre (D:4)
  8 adders
  3 worms
  2 dart slugs (D:3)
  5 orcs
  9 ball pythons
  10 bats
  7 endoplasms
  6 giant cockroaches
  3 goblins
  8 hobgoblins
  A quokka (D:1)
  2 frilled lizards (D:2)
  11 kobolds
  5 rats
83 creatures vanquished.

Vanquished Creatures (others)
  2 plants (D:3)
2 creatures vanquished.

Grand Total: 85 creatures vanquished

Notes
Turn   | Place    | Note
-------+----------+-------------------------------------------
     0 | D:1      | Barneous the Demonspawn Wanderer began the quest for the
                  | Orb.
     0 | D:1      | Barneous set off with the following items: a +2 hand axe, a
                  | +0 scale mail, a scroll of summoning; and the following
                  | spell memorised: Necrotise; and the following spells
                  | available to memorise: Vampiric Draining.
     0 | D:1      | Reached XP level 1. HP: 15/15 MP: 2/2
   324 | D:1      | Found a faded altar of an unknown god.
   383 | D:1      | Gained mutation: You are partially covered in large bone
                  | plates. (SH +4) [demonic ancestry]
   383 | D:1      | Reached XP level 2. HP: 21/21 MP: 0/3
   908 | D:2      | Gained mutation: You are mostly covered in large bone
                  | plates. (SH +6) [demonic ancestry]
   908 | D:2      | Reached XP level 3. HP: 26/26 MP: 1/4
  1701 | D:2      | Reached XP level 4. HP: 32/32 MP: 6/6
  2363 | D:3      | Found a radiant altar of Vehumet.
  2471 | D:3      | Found an opulent altar of Gozag.
  2633 | D:3      | Reached skill level 4 in Armour
  2962 | D:3      | Gained mutation: Your touch may inflict minor irresistible
                  | damage on your foes. [demonic ancestry]
  2962 | D:3      | Reached XP level 5. HP: 38/38 MP: 7/7
  2980 | D:3      | Found a transporter.
  2981 | D:3      | Found a transporter.
  3140 | D:3      | Noticed kingofthe's ghost (amateur OpCj)
  3340 | D:4      | Identified the +0 flail of Edetsosk {protect, *Rage Str+5
                  | Dex+8}
  3350 | D:4      | Noticed an ogre
  3358 | D:4      | Killed an ogre
  3524 | D:4      | Noticed a black bear
  3533 | D:4      | Killed a black bear
  3534 | D:4      | Gained mutation: Your touch may inflict irresistible damage
                  | on your foes. [demonic ancestry]
  3534 | D:4      | Reached XP level 6. HP: 46/46 MP: 9/9
  3614 | D:4      | Noticed a +0 spear
  3614 | D:4      | Noticed a +0 falchion
  3614 | D:4      | Noticed a +0 dagger
  3614 | D:4      | Noticed a +0 dagger
  3615 | D:4      | Noticed a +0 falchion
  3616 | D:4      | Noticed a +0 short sword
  3621 | D:4      | Noticed a +0 spear
  3624 | D:4      | Noticed a +0 short sword
  3628 | D:4      | Found a hide-covered altar of Uskayaw.
  4072 | D:5      | Entered Level 5 of the Dungeon
  4095 | D:5      | HP: 1/46 [poisoned by a kobold brigand]
  4096 | D:5      | Succumbed to a kobold brigand's poison

Illustrated notes

Levels and vault maps discovered:
D:1:      ncdulo_watergridlock, layout_rooms,
          chequers_ecumenical_altar_simple_redux,
          nicolae_concentric_dashed_squares_mild
D:2:      minmay_razor_zed, layout_loops_ring
D:3:      layout_loops_ring, mainiacjoe_overflow_24_doors,
          nicolae_vehumet_radiance, gammafunk_ghost_gnarly_gnolls,
          minmay_misc_feat_roman
D:4:      layout_loops_cross, nicolae_uskayaw_en_pointe,
          mainiacjoe_overflow_small_starburst, st_stairs_3
D:5:      layout_cave_pools

Skill      XL: |  1  2  3  4  5  6 |
---------------+-------------------+-----
Axes           | 2 |  2.8
Evocations     | 2 3 |  3.6
Necromancy     | 2 3 |  3.0
Armour         | 4 |  4.3
Fighting       | 2 |  2.6
Spellcasting   | 2 |  2.6

Action                   |  1- 3 |  4- 6 || total
-------------------------+-------+-------++-------
Melee: Hand axe          |    96 |    33 ||   129
       Punch             |     1 |       ||     1
       Glaive            |       |    88 ||    88
       Flail             |       |    24 ||    24
       Touch             |       |     4 ||     4
 Cast: Necrotise         |    18 |     8 ||    26
  Use: Scroll            |     5 |     6 ||    11
       Potion            |     1 |     2 ||     3
Armor: Scale mail        |    43 |    42 ||    85
       Chain mail        |       |    45 ||    45
Dodge: Dodged            |    41 |    99 ||   140
Block: Other             |    29 |    52 ||    81
